General information
- name: BNet
- type: Ladder team game (AT/RT)
- host: Battle.net
- saver: NoobRenaissance
map: TwilightRuins_LV
- players: 8
- length: 23:58
- speed: Fast
- version: 1.29 W3XP
- replay type: Public
» download(290 KB)
Players
team 1 (winner)
swissconnex (
purple | 165 APM | 3935 actions | 23:50)
5 Blademaster
2 Critical Strike
3 Wind Walk
3 Shadow Hunter
2 Healing Wave
1 Hex
» actions
| Assign group hotkey | 34 | |
| Build / train | 69 | |
| Enter build submenu | 26 | |
| Enter hero's abilities submenu | 8 | |
| Give item / drop item | 2 | |
| Remove unit from queue | 1 | |
| Right click | 1265 | |
| Select / deselect | 496 | |
| Select group hotkey | 1957 | |
| Use ability | 77 | |
3935 total
» units
| Peon | 11 | |
| Troll Headhunter/Berserker | 16 | |
| Goblin Shredder | 1 | |
| Wind Rider | 4 | |
| Troll Batrider | 1 | |
| Shaman | 2 | |
| Troll Witch Doctor | 5 | |
| Kodo Beast | 3 | |
43 total
» upgrades
| Shaman Training | 2 | |
| Envenomed Spears | 1 | |
| Witch Doctor Training | 2 | |
| Ranged Weapons | 1 | |
| Berserker Upgrade | 1 | |
| War Drums Damage Increase | 1 | |
| Reinforced Defenses | 1 | |
9 total
» buildings
| War Mill | 1 | |
| Orc Burrow | 6 | |
| Altar of Storms | 1 | |
| Barracks | 1 | |
| Voodoo Lounge | 1 | |
| Stronghold | 1 | |
| Great Hall | 3 | |
| Spirit Lodge | 2 | |
| Fortress | 1 | |
| Beastiary | 2 | |
| Watch Tower | 7 | |
26 total
» build order
00:18 War Mill
00:29 Orc Burrow
00:37 Altar of Storms
01:06 Barracks
01:46 Orc Burrow
02:07 Voodoo Lounge
03:17 Stronghold
04:02 Orc Burrow
05:26 Great Hall
06:48 Spirit Lodge
06:50 Fortress
07:13 Beastiary
07:54 Beastiary
08:22 Spirit Lodge
09:02 Orc Burrow
09:54 Orc Burrow
10:08 Orc Burrow
13:35 Great Hall
16:39 Great Hall
17:15 Watch Tower
17:20 Watch Tower
18:44 Watch Tower
19:49 Watch Tower
19:52 Watch Tower
20:35 Watch Tower
21:47 Watch Tower
» items
| Healing Salve | 3 | |
| Scroll of Town Portal | 1 | |
| Orb of Lightning | 1 | |
5 total
NoobRenaissance (
yellow | 122 APM | 2918 actions | 23:58)
5 Archmage
3 Summon Water Elemental
2 Brilliance Aura
4 Mountain King
2 Storm Bolt
2 Bash
3 Goblin Alchemist
2 Healing Spray
1 Chemical Rage
» actions
| Assign group hotkey | 78 | |
| Basic commands | 72 | |
| Build / train | 138 | |
| ESC pressed | 10 | |
| Enter build submenu | 44 | |
| Enter hero's abilities submenu | 13 | |
| Give item / drop item | 6 | |
| Right click | 920 | |
| Select / deselect | 543 | |
| Select group hotkey | 907 | |
| Use ability | 186 | |
2918 total
» units
| Peasant | 15 | |
| Footman | 4 | |
| Goblin Shredder | 4 | |
| Rifleman | 7 | |
| Priest | 2 | |
| Mortar Team | 3 | |
| Sorceress | 1 | |
| Goblin Sapper | 3 | |
| Dragonhawk Rider | 1 | |
| Gryphon Rider | 1 | |
| Spell Breaker | 1 | |
42 total
» upgrades
| Gunpowder | 4 | |
| Masonry | 4 | |
| Armor | 2 | |
| Long Rifles | 1 | |
| Sorceress Training | 2 | |
| Priest Training | 2 | |
| Swords | 2 | |
| Lumber Harvesting | 1 | |
| Fragmentation Shards | 1 | |
| Barrage | 1 | |
| Storm Hammers | 1 | |
| Cloud | 1 | |
| Animal War Training | 1 | |
23 total
» buildings
| Altar of Kings | 1 | |
| Barracks | 1 | |
| Farm | 13 | |
| Arcane Vault | 1 | |
| Blacksmith | 1 | |
| Keep | 2 | |
| Town Hall | 1 | |
| Scout Tower | 17 | |
| Arcane Tower | 4 | |
| Lumber Mill | 1 | |
| Castle | 2 | |
| Guard Tower | 14 | |
| Arcane Sanctum | 2 | |
| Workshop | 1 | |
| Gryphon Aviary | 4 | |
| Cannon Tower | 2 | |
67 total
» build order
00:49 Altar of Kings
00:58 Barracks
01:04 Farm
01:05 Farm
01:11 Farm
01:36 Arcane Vault
02:14 Farm
02:20 Blacksmith
03:57 Keep
03:57 Keep
04:50 Town Hall
05:08 Scout Tower
05:40 Arcane Tower
05:45 Farm
06:51 Scout Tower
06:52 Scout Tower
07:02 Scout Tower
07:07 Scout Tower
07:24 Arcane Tower
07:28 Lumber Mill
08:01 Castle
08:01 Castle
08:10 Guard Tower
08:10 Guard Tower
08:11 Guard Tower
08:12 Guard Tower
08:28 Scout Tower
08:29 Scout Tower
08:31 Scout Tower
08:33 Scout Tower
08:47 Farm
09:02 Guard Tower
09:03 Guard Tower
09:04 Guard Tower
10:07 Guard Tower
10:07 Guard Tower
10:07 Guard Tower
10:28 Arcane Sanctum
11:16 Scout Tower
11:17 Scout Tower
11:20 Arcane Sanctum
11:31 Scout Tower
11:32 Scout Tower
13:07 Guard Tower
13:07 Guard Tower
13:12 Guard Tower
13:13 Guard Tower
13:49 Farm
13:51 Farm
15:23 Workshop
16:47 Gryphon Aviary
16:49 Gryphon Aviary
16:49 Gryphon Aviary
16:50 Gryphon Aviary
18:43 Farm
18:44 Farm
19:10 Scout Tower
19:13 Scout Tower
19:24 Scout Tower
19:27 Scout Tower
19:42 Cannon Tower
19:43 Arcane Tower
20:02 Cannon Tower
20:02 Arcane Tower
23:07 Farm
23:08 Farm
23:09 Farm
» items
| Scroll of Regeneration | 3 | |
| Mechanical Critter | 4 | |
| Scroll of Protection | 3 | |
| Boots of Speed | 2 | |
| Scroll of Town Portal | 2 | |
| Cloak of Flames | 2 | |
| Claws of Attack +12 | 2 | |
| Orb of Venom | 1 | |
| Pendant of Energy | 1 | |
| Lesser Clarity Potion | 1 | |
21 total
i.like..turtles (
orange | 49 APM | 934 actions | 18:59)
4 Priestess of the Moon
1 Scout
2 Trueshot Aura
1 Searing Arrows
2 Keeper of the Grove
1 Entangling Roots
1 Thorns Aura
2 Dark Ranger
1 Black Arrow
1 Silence
» actions
| Assign group hotkey | 41 | |
| Basic commands | 73 | |
| Build / train | 91 | |
| Enter build submenu | 17 | |
| Enter hero's abilities submenu | 8 | |
| Give item / drop item | 8 | |
| Right click | 228 | |
| Select / deselect | 198 | |
| Select group hotkey | 205 | |
| Use ability | 65 | |
934 total
» units
» upgrades
| Strength of the Moon | 3 | |
| Moon Armor | 3 | |
| Improved Bows | 1 | |
| Marksmanship | 1 | |
8 total
» buildings
| Moon Well | 6 | |
| Altar of Elders | 1 | |
| Ancient of War | 4 | |
| Ancient of Wonders | 2 | |
| Tree of Ages | 2 | |
| Tree of Life | 3 | |
| Hunter's Hall | 1 | |
| Tree of Eternity | 2 | |
21 total
» build order
00:17 Moon Well
00:31 Altar of Elders
01:00 Ancient of War
01:27 Moon Well
01:53 Ancient of War
02:09 Ancient of Wonders
02:12 Ancient of Wonders
02:30 Moon Well
05:12 Tree of Ages
05:12 Tree of Ages
05:35 Tree of Life
05:58 Hunter's Hall
06:06 Moon Well
09:21 Tree of Eternity
09:22 Tree of Eternity
09:49 Moon Well
10:08 Moon Well
11:51 Ancient of War
12:00 Ancient of War
13:11 Tree of Life
15:31 Tree of Life
» items
| Scroll of Town Portal | 4 | |
| Potion of Healing | 5 | |
| Staff of Preservation | 1 | |
10 total
djziqian (
blue | 99 APM | 2054 actions | 20:44)
3 Blademaster
2 Wind Walk
1 Critical Strike
2 Shadow Hunter
1 Hex
1 Healing Wave
2 Tauren Chieftain
1 Endurance Aura
1 War Stomp
» actions
| Assign group hotkey | 22 | |
| Basic commands | 4 | |
| Build / train | 67 | |
| Enter build submenu | 18 | |
| Enter hero's abilities submenu | 7 | |
| Give item / drop item | 3 | |
| Remove unit from queue | 4 | |
| Right click | 1288 | |
| Select / deselect | 292 | |
| Select group hotkey | 270 | |
| Use ability | 79 | |
2054 total
» units
| Peon | 12 | |
| Grunt | 5 | |
| Raider | 9 | |
| Kodo Beast | 1 | |
| Troll Batrider | 2 | |
| Wind Rider | 4 | |
33 total
» upgrades
| Armor | 2 | |
| Pillage | 1 | |
| Ensnare | 1 | |
| Melee Weapons | 2 | |
| Berserker Strength | 1 | |
| Spiked Barricades | 1 | |
| Reinforced Defenses | 1 | |
| Envenomed Spears | 1 | |
10 total
» buildings
| Altar of Storms | 1 | |
| Orc Burrow | 5 | |
| Barracks | 1 | |
| Voodoo Lounge | 1 | |
| Stronghold | 2 | |
| War Mill | 1 | |
| Beastiary | 2 | |
| Watch Tower | 5 | |
| Fortress | 1 | |
| Spirit Lodge | 1 | |
20 total
» build order
00:08 Altar of Storms
00:15 Orc Burrow
00:29 Barracks
01:45 Orc Burrow
02:45 Voodoo Lounge
02:54 Stronghold
02:54 Stronghold
03:28 War Mill
03:34 Orc Burrow
04:37 Orc Burrow
05:43 Beastiary
05:47 Beastiary
05:52 Watch Tower
05:55 Watch Tower
08:26 Orc Burrow
08:47 Fortress
17:27 Spirit Lodge
17:44 Watch Tower
17:44 Watch Tower
17:47 Watch Tower
» items
| Healing Salve | 3 | |
| Lesser Clarity Potion | 2 | |
| Orb of Lightning | 1 | |
| Tiny Great Hall | 1 | |
7 total
team 2 (loser)

»
Taterexx (
pink | 78 APM | 1296 actions | 16:38)
3 Archmage
2 Summon Water Elemental
1 Brilliance Aura
1 Mountain King
1 Storm Bolt
» actions
| Assign group hotkey | 29 | |
| Basic commands | 55 | |
| Build / train | 49 | |
| ESC pressed | 1 | |
| Enter build submenu | 30 | |
| Enter hero's abilities submenu | 4 | |
| Right click | 694 | |
| Select / deselect | 216 | |
| Select group hotkey | 161 | |
| Use ability | 57 | |
1296 total
» units
| Peasant | 13 | |
| Footman | 9 | |
| Siege Engine | 4 | |
| Goblin Shredder | 1 | |
| Knight | 2 | |
29 total
» upgrades
| Defend | 1 | |
| Lumber Harvesting | 2 | |
| Masonry | 1 | |
| Barrage | 1 | |
5 total
» buildings
| Altar of Kings | 2 | |
| Farm | 11 | |
| Barracks | 2 | |
| Arcane Vault | 2 | |
| Lumber Mill | 1 | |
| Town Hall | 2 | |
| Keep | 1 | |
| Scout Tower | 8 | |
| Arcane Tower | 1 | |
| Blacksmith | 1 | |
| Guard Tower | 1 | |
| Castle | 1 | |
| Workshop | 3 | |
36 total
» build order
00:11 Altar of Kings
00:13 Farm
00:22 Farm
00:38 Barracks
00:55 Farm
01:40 Farm
02:01 Arcane Vault
02:49 Farm
03:08 Lumber Mill
05:30 Town Hall
06:02 Keep
07:07 Scout Tower
07:08 Scout Tower
07:08 Scout Tower
07:10 Scout Tower
07:11 Scout Tower
07:43 Arcane Tower
07:53 Blacksmith
08:05 Guard Tower
08:50 Arcane Vault
08:52 Scout Tower
08:53 Scout Tower
08:53 Scout Tower
09:02 Castle
09:21 Workshop
09:25 Barracks
09:28 Workshop
09:50 Workshop
12:00 Farm
12:02 Farm
12:04 Farm
12:05 Farm
12:07 Farm
12:08 Farm
14:33 Altar of Kings
15:42 Town Hall
» items
| Scroll of Regeneration | 1 | |
| Lesser Clarity Potion | 1 | |
| Scroll of Town Portal | 1 | |
| Potion of Healing | 1 | |
4 total
BeetlJuiceCubed (
teal | 76 APM | 1623 actions | 21:26)
6 Blademaster
3 Wind Walk
2 Critical Strike
1 Bladestorm
» actions
| Assign group hotkey | 32 | |
| Basic commands | 13 | |
| Build / train | 74 | |
| Enter build submenu | 30 | |
| Enter hero's abilities submenu | 6 | |
| Give item / drop item | 8 | |
| Remove unit from queue | 2 | |
| Right click | 773 | |
| Select / deselect | 273 | |
| Select group hotkey | 296 | |
| Use ability | 116 | |
1623 total
» units
| Peon | 8 | |
| Grunt | 4 | |
| Goblin Shredder | 1 | |
| Troll Batrider | 8 | |
| Goblin Zeppelin | 4 | |
| Troll Witch Doctor | 1 | |
| Goblin Sapper | 3 | |
29 total
» upgrades
| Armor | 3 | |
| Reinforced Defenses | 1 | |
| Troll Regeneration | 1 | |
| Ranged Weapons | 3 | |
| Liquid Fire | 1 | |
| Envenomed Spears | 1 | |
10 total
» buildings
| Orc Burrow | 4 | |
| Altar of Storms | 1 | |
| Barracks | 1 | |
| Voodoo Lounge | 1 | |
| Stronghold | 1 | |
| War Mill | 2 | |
| Great Hall | 1 | |
| Fortress | 1 | |
| Beastiary | 4 | |
| Watch Tower | 17 | |
| Spirit Lodge | 1 | |
34 total
» build order
00:13 Orc Burrow
00:24 Orc Burrow
01:01 Altar of Storms
01:02 Barracks
01:37 Voodoo Lounge
02:18 Stronghold
02:23 Orc Burrow
02:59 War Mill
04:05 Great Hall
05:03 Fortress
05:51 Beastiary
05:51 Beastiary
05:52 Beastiary
05:52 Beastiary
05:55 Orc Burrow
05:59 War Mill
06:57 Watch Tower
06:57 Watch Tower
07:00 Watch Tower
07:00 Watch Tower
09:43 Watch Tower
09:44 Watch Tower
09:45 Watch Tower
11:13 Watch Tower
11:14 Watch Tower
11:15 Watch Tower
11:16 Watch Tower
11:17 Watch Tower
13:21 Spirit Lodge
13:24 Watch Tower
13:24 Watch Tower
13:24 Watch Tower
14:13 Watch Tower
14:14 Watch Tower
» items
| Healing Salve | 7 | |
| Lesser Clarity Potion | 3 | |
| Scroll of Town Portal | 4 | |
| Gloves of Haste | 1 | |
| Orb of Lightning | 1 | |
| Potion of Mana | 4 | |
| Potion of Healing | 1 | |
| Legion Doom-Horn | 1 | |
| Sentry Wards | 1 | |
| Ancient Janggo of Endurance | 1 | |
24 total
LeGeNDaRy_ (
green | 182 APM | 4297 actions | 23:39)
6 Death Knight
3 Death Coil
2 Unholy Aura
1 Death Pact
4 Lich
2 Frost Nova
2 Dark Ritual
3 Crypt Lord
2 Impale
1 Spiked Carapace
» actions
| Assign group hotkey | 47 | |
| Build / train | 71 | |
| Enter build submenu | 20 | |
| Enter hero's abilities submenu | 13 | |
| Give item / drop item | 6 | |
| Remove unit from queue | 2 | |
| Right click | 1636 | |
| Select / deselect | 402 | |
| Select group hotkey | 1969 | |
| Use ability | 131 | |
4297 total
» units
| Acolyte | 12 | |
| Ghoul | 3 | |
| Crypt Fiend | 12 | |
| Frost Wyrm | 3 | |
| Siege Engine | 4 | |
34 total
» upgrades
| Web | 1 | |
| Creature Carapace | 1 | |
| Creature Attack | 1 | |
3 total
» buildings
| Graveyard | 1 | |
| Crypt | 1 | |
| Altar of Darkness | 1 | |
| Ziggurat | 9 | |
| Tomb of Relics | 1 | |
| Halls of the Dead | 1 | |
| Black Citadel | 1 | |
| Sacrificial Pit | 2 | |
| Boneyard | 1 | |
18 total
» build order
00:11 Graveyard
00:20 Crypt
00:39 Altar of Darkness
00:41 Ziggurat
00:57 Tomb of Relics
01:46 Ziggurat
03:17 Ziggurat
04:32 Halls of the Dead
04:36 Ziggurat
05:05 Ziggurat
08:48 Black Citadel
09:22 Sacrificial Pit
09:23 Ziggurat
09:57 Ziggurat
09:58 Ziggurat
12:03 Sacrificial Pit
13:09 Boneyard
14:42 Ziggurat
» items
| Rod of Necromancy | 2 | |
| Potion of Mana | 4 | |
| Scroll of Healing | 2 | |
| Orb of Corruption | 1 | |
| Potion of Healing | 2 | |
| Scroll of Town Portal | 3 | |
14 total
imnotblue (
red | 14 APM | 341 actions | 23:50)
2 Tauren Chieftain
1 Endurance Aura
1 War Stomp
» actions
| Assign group hotkey | 5 | |
| Build / train | 28 | |
| Enter build submenu | 4 | |
| Enter hero's abilities submenu | 2 | |
| Right click | 131 | |
| Select / deselect | 86 | |
| Select group hotkey | 64 | |
| Use ability | 21 | |
341 total
» units
» upgrades
» buildings
| Altar of Storms | 1 | |
| Orc Burrow | 2 | |
| Voodoo Lounge | 1 | |
4 total
» build order
00:19 Altar of Storms
00:43 Orc Burrow
01:18 Voodoo Lounge
08:11 Orc Burrow
» items
| Lesser Clarity Potion | 4 | |
| Healing Salve | 3 | |
| Scroll of Speed | 1 | |
8 total
Chat log
(00:41 / Allies) djziqian: RUSH?
(00:44 / Allies) NoobRenaissance: cc
(00:54 / Allies) i.like..turtles: ill expo then ill come with u
(02:33 / Allies) NoobRenaissance: cc and tech
(03:38 / Allies) swissconnex: techer
(03:39 / Allies) i.like..turtles: no rax
(03:43 / Allies) i.like..turtles: nopt even teching
(03:50 / Allies) swissconnex: feeder then
(05:04 / Allies) i.like..turtles: he feeds
(05:07 / Allies) i.like..turtles: we should hit
(05:17 / Allies) NoobRenaissance: tech and get further ahead
(05:30 / Allies) NoobRenaissance: pressure here if we do
(05:42 / Allies) i.like..turtles: im hitting red
(05:50 / Allies) NoobRenaissance: hit right side
(13:11 / Allies) swissconnex: gold pls
(13:30 / Allies) swissconnex: share gold pls
(14:04 / All) i.like..turtles: whoopsies
(16:31 / Allies) i.like..turtles: all good
(16:38 / Allies) i.like..turtles: 100 for tp
(17:47 / Allies) swissconnex: gold pls
(18:17 / All) BeetlJuiceCubed: lol
(18:19 / All) BeetlJuiceCubed: you all fucked up boy
(19:11 / Allies) djziqian: WTF...
(19:45 / Allies) swissconnex: meet
(20:03 / Allies) swissconnex: come
(20:04 / All) BeetlJuiceCubed: lol
(20:08 / All) BeetlJuiceCubed: hi
(20:15 / Allies) NoobRenaissance: coming
(21:26 / Allies) NoobRenaissance: we got this
(21:26 / Allies) swissconnex: y
(21:31 / Allies) swissconnex: if u stop fucking arounf